 Seeded DCSS version 0.30-a0-596-g0af90f9a20 (webtiles) character file.

Game seed: 2070228863572337281 (custom seed)

1164 flotson the Sneak (level 8, -2/54 HPs)
             Began as a Demonspawn Delver on Jan 6, 2023.
             Was a Priest of Hepliaklqana.
             Succumbed to a water moccasin's poison
             ... on level 6 of the Dungeon on Jan 7, 2023.
             The game lasted 00:07:42 (4858 turns).

flotson the Sneak (Demonspawn Delver)               Turns: 4858, Time: 00:07:44

Health: -2/54      AC:  7    Str: 15    XL:     8   Next: 17%
Magic:  11/11      EV: 17    Int: 12    God:    Hepliaklqana [***...]
Gold:   385        SH:  4    Dex: 14    Spells: 7/7 levels left

rFire   . . .      SeeInvis .    x - +1 whip (distort)
rCold   . . .      Faith    .    q - +0 buckler
rNeg    + . .      Spirit   .    B - +1 leather armour {rN+}
rPois   .          Reflect  .    C - +0 helmet
rElec   .          Harm     .    (no cloak)
rCorr   .          Rampage  .    (no gloves)
Will    .....                    (no boots)
Stlth   +++                      F - amulet of the acrobat
HPRegen 0.29/turn                h - +5 ring of evasion
MPRegen 0.24/turn                f - +4 ring of slaying

@: lethally poisoned (-2 -> -27), invisible
A: reduced essence, yellow scales 1, demonic guardian 1, magic regeneration,
demonic touch 2
a: Renounce Religion, Recall Ancestor, Ancestor Identity, Transference


You were on level 6 of the Dungeon.
You worshipped Hepliaklqana.
Hepliaklqana was most pleased with you.
You visited 2 branches of the dungeon, and saw 7 of its levels.

You collected 385 gold pieces.

Inventory:

Hand Weapons
 a - a +0 hand axe
 k - a +0 halberd
 x - a +1 whip of distortion (weapon)
Missiles
 b - 2 silver boomerangs
 o - 5 boomerangs (quivered)
 v - 4 poisoned darts
Armour
 q - a +0 buckler (worn)
 B - a +1 leather armour of positive energy (worn)
 C - a +0 helmet (worn)
Jewellery
 f - a +4 ring of slaying (right hand)
 h - a +5 ring of evasion (left hand)
 w - a ring of wizardry
 A - a ring of flight
 F - an amulet of the acrobat (around neck)
Wands
 g - a wand of digging (2)
 D - a wand of iceblast (11)
 E - a wand of paralysis (2)
Scrolls
 c - a scroll of fog
 d - a scroll of immolation {unknown}
 e - 3 scrolls of teleportation {unknown}
 i - 2 scrolls of poison {unknown}
 l - a scroll of blinking {unknown}
 n - 2 scrolls of identify {unknown}
 s - a scroll of fear
 y - a scroll of enchant armour {unknown}
 z - a scroll of vulnerability {unknown}
Potions
 j - 3 potions of curing {unknown}
 p - a potion of degeneration {unknown}
 r - 3 potions of haste
 t - a potion of magic {unknown}
 u - a potion of ambrosia {unknown}


   Skills:
 + Level 4.7 Fighting
 - Level 2.1 Axes
 + Level 2.7 Throwing
 + Level 3.1 Armour
 + Level 3.6 Dodging
 - Level 5.0 Stealth
 + Level 2.4 Shields
 + Level 4.4 Invocations
 + Level 3.4 Evocations


You had 7 spell levels left.
You didn't know any spells.
Your spell library contained the following spells:

 Spells                   Type           Power      Damage    Failure   Level
 Apportation              Tloc           0%         N/A       47%         1
 Necrotise                Necr           0%         1d4       47%         1
 Sandblast                Erth           0%         2d4       47%         1
 Summon Small Mammal      Summ           0%         N/A       47%         1
 Passwall                 Tmut/Erth      0%         N/A       63%         2
 Ignite Poison            Fire/Tmut/Pois 0%         N/A       85%         3
 Stone Arrow              Conj/Erth      0%         3d7       85%         3
 Animate Dead             Necr           0%         N/A       99%         4
 Sticky Flame             Conj/Fire      0%         2d3       99%         4
 Blade Hands              Tmut           0%         N/A       100%        5
 Borgnjor's Vile Clutch   Necr/Erth      0%         N/A       100%        5
 Irradiate                Conj/Tmut      0%         3d11      100%        5
 Death Channel            Necr           0%         N/A       100%        6
 Dragon Form              Tmut           0%         N/A       100%        7
 Ignition                 Fire           0%         3d3       100%        8


Dungeon Overview and Level Annotations

Branches:
Dungeon (6/15)             Temple (1/1) D:5

Altars:
Cheibriados
Hepliaklqana
Makhleb
Qazlal
Sif Muna
Trog
Uskayaw
Xom
Yredelemnul

Annotations:
D:2 Sigmund


Innate Abilities, Weirdness & Mutations

Your life essence is reduced to manifest your ancestor. (-10% HP)
You are partially covered in yellow scales. (AC +2)
A weak demonic guardian rushes to your aid.
You regenerate magic rapidly.
Your touch may inflict irresistible damage on your foes.


Message History

You whack the water moccasin!
Space warps around the water moccasin.
The water moccasin is moderately wounded.
The water moccasin bites you.
You are poisoned.
The water moccasin poisons you! The water moccasin bites you.
You are more poisoned.
The water moccasin poisons you!
You closely miss the water moccasin.
The water moccasin is moderately wounded.
You feel extremely sick. The water moccasin bites you.
You are lethally poisoned!
The water moccasin poisons you!
You closely miss the water moccasin.
The water moccasin is moderately wounded.
You feel extremely sick. The water moccasin bites you.
The water moccasin closely misses you.
You are too injured to fight recklessly!
You are too injured to fight recklessly!
You are too injured to fight recklessly!
You are too injured to fight recklessly!
You are too injured to fight recklessly!
You are too injured to fight recklessly!
You are too injured to fight recklessly!
The water moccasin attacks as you move away!
The water moccasin bites you.
You are more poisoned.
The water moccasin poisons you!
* * * LOW HITPOINT WARNING * * *
You feel extremely sick.
Octavia hits the water moccasin with a +0 quarterstaff!
You hit the water moccasin.
The water moccasin is almost dead.
The water moccasin blinks!
* * * LOW HITPOINT WARNING * * *
You feel extremely sick.
You are too injured to fight recklessly!
It was a potion of invisibility.
You fade into invisibility!
You die...

#################
#.............@R#
#.###.....#####ยง#
###.# #.###.#
#........ ....#
#...#.###########.#
###.#####.#.......
#.)..............#
..................
....#.####.#####.#
#...#.# #.#


You could see the friendly Octavia the battlemage.

Vanquished Creatures
  Prince Ribbit (D:5)
  A water moccasin (D:5)
  An ice beast (D:6)
  A centaur (D:5)
  A hound (D:5)
  3 gnolls
  3 adders (D:5)
  An ufetubus (D:5)
  A worm (D:2)
  2 dart slugs
  2 orcs (D:5)
  3 ball pythons
  6 endoplasms
  A giant cockroach (D:1)
  6 goblins
  7 hobgoblins
  5 jackals
  3 kobolds
  3 quokkas
  A bat (D:1)
  3 frilled lizards (D:1)
  4 rats
59 creatures vanquished.

Vanquished Creatures (collateral kills)
  A black bear (D:5)
  An ogre (D:5)
  A gnoll sergeant (D:6)
  A killer bee (D:4)
  An orc wizard (D:3)
  5 gnolls
  6 adders
  2 worms (D:4)
  11 orcs
  2 endoplasms (D:4)
  5 goblins
  3 hobgoblins (D:3)
  A quokka (D:2)
  2 ball pythons
  2 bats (D:3)
  A kobold (D:3)
45 creatures vanquished.

Grand Total: 104 creatures vanquished

Notes
Turn   | Place    | Note
-------+----------+-------------------------------------------
     0 | D:5      | flotson the Demonspawn Delver began the quest for the Orb.
     0 | D:5      | Reached XP level 1. HP: 18/18 MP: 1/1
    15 | D:5      | Gained mutation: A weak demonic guardian rushes to your
                  | aid. [demonic ancestry]
    15 | D:5      | Reached XP level 2. HP: 17/24 MP: 2/2
    53 | D:5      | Noticed a water moccasin
    71 | D:5      | Found a staircase to the Ecumenical Temple.
    79 | Temple   | Entered the Ecumenical Temple
   102 | Temple   | Became a worshipper of Hepliaklqana the Forgotten
   514 | D:4      | Gained mutation: Your touch may inflict minor irresistible
                  | damage on your foes. [demonic ancestry]
   514 | D:4      | Reached XP level 3. HP: 6/29 MP: 3/3
   624 | D:4      | Reached * piety under Hepliaklqana
   625 | D:4      | Found a shimmering blue altar of Sif Muna.
   638 | D:4      | Noticed a black bear
   732 | D:3      | Reached skill level 1 in Invocations
   732 | D:3      | Reached skill level 1 in Evocations
   791 | D:2      | Found a shimmering blue altar of Sif Muna.
   801 | D:2      | Noticed Sigmund
  1051 | D:1      | Reached skill level 1 in Armour
  1249 | D:1      | Reached XP level 4. HP: 31/31 MP: 4/4
  1743 | D:2      | Reached ** piety under Hepliaklqana
  1749 | D:2      | Remembered your ancestor Octavia as a battlemage
  2340 | D:3      | Found a hide-covered altar of Uskayaw.
  2783 | D:3      | Reached XP level 5. HP: 36/36 MP: 6/6
  2836 | D:3      | Reached skill level 5 in Stealth
  3217 | D:4      | Banished a black bear
  3218 | D:4      | Reached skill level 1 in Throwing
  3218 | D:4      | Gained mutation: You regenerate magic rapidly. [demonic
                  | ancestry]
  3218 | D:4      | Reached XP level 6. HP: 36/43 MP: 7/7
  3325 | D:4      | Found a stormy altar of Qazlal.
  3663 | D:5      | Reached skill level 1 in Shields
  3787 | D:5      | Reached *** piety under Hepliaklqana
  3793 | D:5      | Gained mutation: You are partially covered in yellow
                  | scales. (AC +2) [demonic ancestry]
  3793 | D:5      | Reached XP level 7. HP: 38/48 MP: 9/9
  3857 | D:5      | Noticed Prince Ribbit
  3859 | D:5      | Killed Prince Ribbit
  4609 | D:6      | Gained mutation: Your touch may inflict irresistible damage
                  | on your foes. [demonic ancestry]
  4609 | D:6      | Reached XP level 8. HP: 33/54 MP: 11/11
  4858 | D:6      | Succumbed to a water moccasin's poison

Illustrated notes

Levels and vault maps discovered:
D:1:      roderic_dead_forest, layout_loops_ring, grunt_decor_cap,
          minmay_crystal_room
D:2:      layout_basic, basic_altar, uniq_sigmund
D:3:      layout_loops_ring, mainiacjoe_overflow_six_doors_small,
          grunt_decor_junction
D:4:      minmay_clustersquares, layout_basic, mainiacjoe_overflow_catwalk,
          amcnicky_altar_gilded, hangedman_decor_growths, grunt_ministairs_14
D:5:      layout_loops_corners, minmay_temple_entry_mist,
          serial_co_window_serial, co_window_paths_a, co_window_corner_a,
          co_window_paths_a, co_window_paths_a, co_window_of_opportunity_a,
          co_window_2corner, co_window_corner_ca, co_window_unsneaky_path_c,
          co_window_broadway_a, co_window_paths_e, glass_columns_b,
          glass_columns_a, glass_columns_a, glass_columns_b, glass_columns_a,
          uniq_prince_ribbit1
D:6:      cheibrodos_two_vegetables, layout_basic,
          chequers_serial_rivers_micro_a
Temple:   eino_temple_scatter_basement

Skill      XL: |  1  2  3  4  5  6  7 |
---------------+----------------------+-----
Axes           | 2 |  2.1
Dodging        | 2 3 |  3.6
Invocations    | 1 2 3 4 |  4.4
Evocations     | 1 2 3 |  3.4
Armour         | 1 2 3 |  3.1
Stealth        | 5 |  5.0
Throwing       | 1 2 |  2.7
Fighting       | 4 |  4.7
Shields        | 1 2 |  2.4

Action                   |  1- 3 |  4- 6 |  7- 9 || total
-------------------------+-------+-------+-------++-------
Melee: Hand axe          |    37 |       |       ||    37
       Punch             |     2 |       |       ||     2
       Halberd           |    46 |    83 |       ||   129
       Touch             |     1 |       |       ||     1
       Whip              |       |    38 |    30 ||    68
Throw: Boomerang         |       |     1 |       ||     1
Invok: Ancestor Life: Ba |       |     1 |       ||     1
Evoke: Wand              |     1 |       |       ||     1
  Use: Scroll            |     2 |       |       ||     2
       Potion            |     1 |       |     1 ||     2
 Stab: Sleeping          |     1 |     7 |     1 ||     9
       Distracted        |       |     1 |       ||     1
Armor: Leather armour    |     7 |       |     3 ||    10
       Scale mail        |    13 |    44 |     1 ||    58
Dodge: Dodged            |    45 |    83 |    28 ||   156
Block: Buckler           |       |     9 |     7 ||    16

Table legend: (Time is in decaauts)
 A = Elapsed time spent in this place.
 B = Non-inter-level travel time spent in this place.
 C = Inter-level travel time spent in this place.
 D = Time resting spent in this place.
 E = Time spent auto-exploring this place.
 F = Levels seen in this place.
 G = Mean time per level.
                   A        B        C        D        E       F      G
               +--------+--------+--------+--------+--------+-----+--------+
         Total |   4911 |   4633 |    278 |      0 |   3717 |   7 |  701.6 |
       Dungeon |   4870 |   4609 |    261 |      0 |   3707 |   6 |  811.7 |
        Temple |     40 |     23 |     17 |      0 |     10 |   1 |   40.0 |
               +--------+--------+--------+--------+--------+-----+--------+

Top non-repeatable levels by time:
     D:5: 1343 daAuts
     D:4: 860 daAuts
     D:1: 827 daAuts
     D:3: 826 daAuts
     D:2: 735 daAuts
     D:6: 276 daAuts
  Temple: 40 daAuts
